NCAA
PITTSBURGH PANTHERS @ VIRGINIA TECH HOKIES
04/17/2027
 
TOP OF THE 1ST
Pittsburgh Panthers batting - Pitching for Virginia Tech Hokies : LHP John Judson
Pitching: LHP John Judson
Batting: RHB Ron Johnson 0-0: Swinging Strike
0-1: Called Strike
0-2: Fly out, F9 (Flyball, 89M)
Batting: RHB Martín Camacho 0-0: Called Strike
0-1: Ball
1-1: Ball
2-1: Called Strike
2-2: SINGLE (Flyball, 89S)
Batting: RHB Ismael Ortíz 0-0: Swinging Strike
0-1: Ball
1-1: Ball
2-1: Foul Ball, location: 2F
2-2: Ball
3-2: Strikes out swinging
Batting: RHB Pete Woods 0-0: Foul Ball, location: 2F
0-1: Swinging Strike
0-2: Ball
1-2: Strikes out swinging
Top of the 1st over - 0 run(s), 1 hit(s), 0 error(s), 1 left on base; Pittsburgh 0 - Virginia Tech 0
BOTTOM OF THE 1ST
Virginia Tech Hokies batting - Pitching for Pittsburgh Panthers : RHP John O'Neil
Pitching: RHP John O'Neil
Batting: RHB Francisco Medina 0-0: DOUBLE (Line Drive, 9LM)
Batting: RHB Clay Smith 0-0: Called Strike
0-1: Called Strike
Francisco Medina steals 3rd base
0-2: Foul Ball, location: 2F
0-2: Strikes out looking
Batting: LHB Juan Carlos Manuel 0-0: Ball
1-0: Foul Ball, location: 2F
1-1: Foul Ball, location: 2F
1-2: Ball
2-2: Strikes out swinging
Batting: RHB César Rodríguez 0-0: Called Strike
0-1: Ball
1-1: Ball
2-1: Foul Ball, location: 2F
2-2: Strikes out looking
Bottom of the 1st over - 0 run(s), 1 hit(s), 0 error(s), 1 left on base; Pittsburgh 0 - Virginia Tech 0
TOP OF THE 2ND
Pittsburgh Panthers batting - Pitching for Virginia Tech Hokies : LHP John Judson
Batting: LHB Alonso Carbajal 0-0: Ball
1-0: Foul Ball, location: 2F
1-1: Swinging Strike
1-2: Strikes out swinging
Batting: RHB Phil Ford 0-0: Ball
1-0: Ball
2-0: Called Strike
2-1: Swinging Strike
2-2: Foul Ball, location: 2F
2-2: Ball
3-2: Strikes out looking
Batting: LHB Brandon Davis 0-0: Foul Ball, location: 2F
0-1: Called Strike
0-2: Ball
1-2: Fly out, F8 (Flyball, 8RM)
Top of the 2nd over - 0 run(s), 0 hit(s), 0 error(s), 0 left on base; Pittsburgh 0 - Virginia Tech 0
BOTTOM OF THE 2ND
Virginia Tech Hokies batting - Pitching for Pittsburgh Panthers : RHP John O'Neil
Batting: RHB Eric Clay 0-0: Called Strike
0-1: SOLO HOME RUN (Flyball, 89XD), Distance : 385 ft
Batting: RHB Rob Fleming 0-0: SINGLE (Groundball, 6MS) (infield hit)
Batting: RHB Matt Jenkins 0-0: Called Strike
0-1: Ball
1-1: Ball
2-1: Foul Ball, location: 2F
2-2: Grounds into double play, 6-4-3 (Groundball, 6M)
Batting: RHB Nathan Taylor 0-0: Ball
1-0: Ball
2-0: Ball
3-0: Called Strike
3-1: Called Strike
3-2: Ground out 6-3 (Groundball, 6S)
Bottom of the 2nd over - 1 run(s), 2 hit(s), 0 error(s), 0 left on base; Pittsburgh 0 - Virginia Tech 1
TOP OF THE 3RD
Pittsburgh Panthers batting - Pitching for Virginia Tech Hokies : LHP John Judson
Batting: RHB Henry Cahill 0-0: Foul Ball, location: 2F
0-1: Ball
1-1: Foul Ball, location: 2F
1-2: Ball
2-2: Ball
3-2: Base on Balls
Batting: LHB Mike Hanson 0-0: Ball
1-0: Foul Ball, location: 2F
1-1: Ball
2-1: Ball
3-1: Base on Balls
Henry Cahill to second
Batting: RHB Ron Johnson 0-0: Ball
1-0: Ball
2-0: Foul Ball, location: 2F
2-1: Called Strike
2-2: Ball
3-2: SINGLE (Groundball, 56D)
Henry Cahill to third
Mike Hanson to second
Batting: RHB Martín Camacho 0-0: Swinging Strike
0-1: Ball
1-1: DOUBLE (Line Drive, 78M)
Henry Cahill scores
Mike Hanson scores
Ron Johnson to third
Runner from 3rd tries for Home, SAFE, no throw
Batting: RHB Ismael Ortíz 0-0: Called Strike
0-1: Fly out, F8 (Flyball, 8RS)
Batting: RHB Pete Woods 0-0: Foul Ball, location: 2F
0-1: Ball
1-1: Ball
2-1: Fly out, F7 (Line Drive, 7LM)
Batting: LHB Alonso Carbajal 0-0: Called Strike
0-1: Ball
1-1: Ball
2-1: Fly out, F4 (Line Drive, 4)
Top of the 3rd over - 3 run(s), 2 hit(s), 0 error(s), 1 left on base; Pittsburgh 3 - Virginia Tech 1
BOTTOM OF THE 3RD
Virginia Tech Hokies batting - Pitching for Pittsburgh Panthers : RHP John O'Neil
Batting: RHB Dusty Green 0-0: Foul Ball, location: 2F
0-1: SINGLE (Line Drive, 4D)
Batting: RHB Francisco Medina 0-0: Called Strike
0-1: Foul Ball, location: 2F
0-2: Ball
1-2: Fly out, F8 (Flyball, 8RD)
Batting: RHB Clay Smith 0-0: Called Strike
0-1: Ball
1-1: Foul Ball, location: 2F
1-2: Strikes out swinging
Batting: LHB Juan Carlos Manuel 0-0: SINGLE (Flyball, 78S)
Dusty Green to second
Batting: RHB César Rodríguez 0-0: Called Strike
0-1: Ball
1-1: SINGLE (Line Drive, 89S)
Dusty Green to third
Juan Carlos Manuel to second
Batting: RHB Eric Clay 0-0: GRAND SLAM HOME RUN (Flyball, 7LD), Distance : 329 ft
Batting: RHB Rob Fleming 0-0: Called Strike
0-1: Ground out 3-1 (Groundball, 34)
Bottom of the 3rd over - 4 run(s), 4 hit(s), 0 error(s), 0 left on base; Pittsburgh 3 - Virginia Tech 5
TOP OF THE 4TH
Pittsburgh Panthers batting - Pitching for Virginia Tech Hokies : LHP John Judson
Batting: RHB Phil Ford 0-0: Ball
1-0: Foul Ball, location: 2F
1-1: Foul Ball, location: 2F
1-2: Ball
2-2: Foul Ball, location: 2F
2-2: Reached on error, E9 (Flyball, 9LS)
Batting: LHB Brandon Davis 0-0: Called Strike
0-1: Foul Ball, location: 2F
0-2: Ball
1-2: Foul Ball, location: 2F
1-2: Fly out, F7 (Flyball, 7LSF)
Batting: RHB Henry Cahill 0-0: Ball
1-0: Foul Ball, location: 2F
1-1: Ball
2-1: Fly out, F8 (Flyball, 8RM)
Batting: LHB Mike Hanson 0-0: Ball
1-0: Foul Ball, location: 2F
1-1: Foul Ball, location: 2F
1-2: Ball
2-2: Ball
3-2: Fly out, F9 (Flyball, 89M)
Top of the 4th over - 0 run(s), 0 hit(s), 1 error(s), 1 left on base; Pittsburgh 3 - Virginia Tech 5
BOTTOM OF THE 4TH
Virginia Tech Hokies batting - Pitching for Pittsburgh Panthers : RHP John O'Neil
Batting: RHB Matt Jenkins 0-0: Foul Ball, location: 2F
0-1: Ground out 3-1 (Groundball, 34)
Batting: RHB Nathan Taylor 0-0: Foul Ball, location: 2F
0-1: Ball
1-1: Ball
2-1: Swinging Strike
2-2: Strikes out swinging
Batting: RHB Dusty Green 0-0: Foul Ball, location: 2F
0-1: Foul Ball, location: 2F
0-2: Fly out, F8 (Flyball, 8LM)
Bottom of the 4th over - 0 run(s), 0 hit(s), 0 error(s), 0 left on base; Pittsburgh 3 - Virginia Tech 5
TOP OF THE 5TH
Pittsburgh Panthers batting - Pitching for Virginia Tech Hokies : LHP John Judson
Pitching: LHP Phil Green
Batting: RHB Ron Johnson 0-0: Called Strike
0-1: Foul Ball, location: 2F
0-2: Strikes out swinging
Batting: RHB Martín Camacho 0-0: Called Strike
0-1: Swinging Strike
0-2: Ball
1-2: Ball
2-2: Foul Ball, location: 2F
2-2: SOLO HOME RUN (Flyball, 7D), Distance : 350 ft
Batting: RHB Ismael Ortíz 0-0: Ball
1-0: Ball
2-0: Foul Ball, location: 2F
2-1: Called Strike
2-2: Foul Ball, location: 2F
2-2: Strikes out swinging
Batting: RHB Pete Woods 0-0: Ball
1-0: Ball
2-0: Called Strike
2-1: Ball
3-1: Base on Balls
Batting: LHB Alonso Carbajal 0-0: Ball
1-0: Called Strike
1-1: Foul Ball, location: 2F
1-2: Foul Ball, location: 2F
1-2: Foul Ball, location: 2F
1-2: Fly out, F8 (Line Drive, 8LM)
Top of the 5th over - 1 run(s), 1 hit(s), 0 error(s), 1 left on base; Pittsburgh 4 - Virginia Tech 5
BOTTOM OF THE 5TH
Virginia Tech Hokies batting - Pitching for Pittsburgh Panthers : RHP John O'Neil
Batting: RHB Francisco Medina 0-0: Swinging Strike
0-1: Called Strike
0-2: Fly out, F9 (Flyball, 9LSF)
Pitching: LHP Félix Turcotte
Batting: RHB Clay Smith 0-0: Ball
1-0: Called Strike
1-1: Ground out 5-3 (Groundball, 56)
Batting: LHB Juan Carlos Manuel 0-0: Ball
1-0: Called Strike
1-1: Ball
2-1: SINGLE (Line Drive, 9S)
Batting: RHB César Rodríguez 0-0: Ball
1-0: Foul Ball, location: 2F
1-1: Ball
2-1: SINGLE (Groundball, 34S) (infield hit)
Juan Carlos Manuel to second
Batting: RHB Eric Clay 0-0: Ball
1-0: Ball
2-0: Ball
3-0: Called Strike
3-1: Base on Balls
Juan Carlos Manuel to third
César Rodríguez to second
Batting: RHB Rob Fleming 0-0: Ball
1-0: Ball
2-0: Called Strike
2-1: Ball
3-1: Foul Ball, location: 2F
3-2: Base on Balls
Juan Carlos Manuel scores
César Rodríguez to third
Eric Clay to second
Batting: RHB Matt Jenkins 0-0: Called Strike
0-1: Foul Ball, location: 2F
0-2: Ball
1-2: Strikes out looking
Bottom of the 5th over - 1 run(s), 2 hit(s), 0 error(s), 3 left on base; Pittsburgh 4 - Virginia Tech 6
TOP OF THE 6TH
Pittsburgh Panthers batting - Pitching for Virginia Tech Hokies : LHP Phil Green
Batting: RHB Phil Ford 0-0: Ball
1-0: Called Strike
1-1: Ball
2-1: Ball
3-1: Foul Ball, location: 2F
3-2: Strikes out looking
Batting: LHB Brandon Davis 0-0: Called Strike
0-1: Swinging Strike
0-2: Strikes out swinging
Batting: RHB Henry Cahill 0-0: Ball
1-0: Called Strike
1-1: Called Strike
1-2: Reached on error, E4 (Groundball, 4M)
Batting: LHB Mike Hanson 0-0: Ball
1-0: Ball
2-0: Fly out, F7 (Line Drive, 78M)
Top of the 6th over - 0 run(s), 0 hit(s), 1 error(s), 1 left on base; Pittsburgh 4 - Virginia Tech 6
BOTTOM OF THE 6TH
Virginia Tech Hokies batting - Pitching for Pittsburgh Panthers : LHP Félix Turcotte
Batting: RHB Nathan Taylor 0-0: Swinging Strike
0-1: Foul Ball, location: 2F
0-2: Ball
1-2: Fly out, F7 (Flyball, 7LS)
Batting: RHB Dusty Green 0-0: Ball
1-0: Called Strike
1-1: Foul Ball, location: 2F
1-2: Fly out, F7 (Flyball, 7LM)
Batting: RHB Francisco Medina 0-0: Ball
1-0: Ball
2-0: Foul Ball, location: 2F
2-1: Foul Ball, location: 2F
2-2: Foul Ball, location: 2F
2-2: SINGLE (Groundball, 4MD)
Batting: RHB Clay Smith 0-0: Ball
1-0: Called Strike
Francisco Medina steals 2nd base
1-1: Ball
2-1: Ball
3-1: Fly out, F6 (Line Drive, 6)
Bottom of the 6th over - 0 run(s), 1 hit(s), 0 error(s), 1 left on base; Pittsburgh 4 - Virginia Tech 6
TOP OF THE 7TH
Pittsburgh Panthers batting - Pitching for Virginia Tech Hokies : LHP Phil Green
Batting: RHB Ron Johnson 0-0: Called Strike
0-1: Ball
1-1: Foul Ball, location: 2F
1-2: Fly out, F9 (Flyball, 89M)
Batting: RHB Martín Camacho 0-0: Called Strike
0-1: Ball
1-1: Ball
2-1: Called Strike
2-2: Ball
3-2: Fly out, F9 (Flyball, 9)
Pitching: RHP Russ Underwood
Batting: RHB Ismael Ortíz 0-0: Ball
1-0: Swinging Strike
1-1: SINGLE (Line Drive, 6D)
Batting: RHB Pete Woods 0-0: Called Strike
0-1: Ball
1-1: SINGLE (Groundball, 6MD)
Ismael Ortíz to second
Runner from 2nd tries for 3rd, SAFE, throw made to third
Batting: LHB Alonso Carbajal 0-0: Fly out, F8 (Line Drive, 8LS)
Top of the 7th over - 0 run(s), 2 hit(s), 0 error(s), 2 left on base; Pittsburgh 4 - Virginia Tech 6
BOTTOM OF THE 7TH
Virginia Tech Hokies batting - Pitching for Pittsburgh Panthers : LHP Félix Turcotte
Batting: LHB Juan Carlos Manuel 0-0: Called Strike
0-1: Ball
1-1: Called Strike
1-2: Ball
2-2: Ball
3-2: Foul Ball, location: 2F
3-2: Ground out 3-1 (Groundball, 34)
Batting: RHB César Rodríguez 0-0: Ground out 5-3 (Groundball, 56S)
Batting: RHB Eric Clay 0-0: Ball
1-0: Ball
2-0: Ball
3-0: Called Strike
3-1: Called Strike
3-2: SOLO HOME RUN (Line Drive, 8LXD), Distance : 395 ft
Pitching: RHP William Gallegos
Batting: RHB Rob Fleming 0-0: Ball
1-0: Called Strike
1-1: Ground out 6-3 (Groundball, 56)
Bottom of the 7th over - 1 run(s), 1 hit(s), 0 error(s), 0 left on base; Pittsburgh 4 - Virginia Tech 7
TOP OF THE 8TH
Pittsburgh Panthers batting - Pitching for Virginia Tech Hokies : RHP Russ Underwood
Now at C: Bob Jones
Batting: RHB Phil Ford 0-0: Ground out 4-3 (Groundball, 4M)
Batting: LHB Brandon Davis 0-0: Fly out, F7 (Flyball, 78M)
Batting: RHB Henry Cahill 0-0: Ball
1-0: Called Strike
1-1: Called Strike
1-2: Ball
2-2: Strikes out swinging
Top of the 8th over - 0 run(s), 0 hit(s), 0 error(s), 0 left on base; Pittsburgh 4 - Virginia Tech 7
BOTTOM OF THE 8TH
Virginia Tech Hokies batting - Pitching for Pittsburgh Panthers : RHP William Gallegos
Batting: RHB Matt Jenkins 0-0: Ball
1-0: Called Strike
1-1: Ball
2-1: Foul Ball, location: 2F
2-2: Foul Ball, location: 2F
2-2: Ball
3-2: Base on Balls
Batting: RHB Nathan Taylor 0-0: Bunt missed!
0-1: Sac Bunt - play at first, batter OUT! 1-4
Matt Jenkins to second
Batting: RHB Dusty Green 0-0: Swinging Strike
0-1: Foul Ball, location: 2F
0-2: Ball
1-2: Ball
2-2: Strikes out looking
Batting: RHB Francisco Medina 0-0: Ball
1-0: Foul Ball, location: 2F
1-1: Ground out 5-3 (Groundball, 56)
Bottom of the 8th over - 0 run(s), 0 hit(s), 0 error(s), 1 left on base; Pittsburgh 4 - Virginia Tech 7
TOP OF THE 9TH
Pittsburgh Panthers batting - Pitching for Virginia Tech Hokies : RHP Russ Underwood
Pitching: RHP Nathan Sullivan
Batting: LHB Mike Hanson 0-0: Fly out, F3 (Popup, 3)
Batting: RHB Ron Johnson 0-0: Foul Ball, location: 2F
0-1: Ball
1-1: Ball
2-1: Swinging Strike
2-2: Ball
3-2: Foul Ball, location: 2F
3-2: Strikes out swinging
Batting: RHB Martín Camacho 0-0: Ball
1-0: Ball
2-0: Called Strike
2-1: Swinging Strike
2-2: Ball
3-2: Base on Balls
Batting: RHB Ismael Ortíz 0-0: Fielders Choice at 2nd, 6-4 (Groundball, 56)
Top of the 9th over - 0 run(s), 0 hit(s), 0 error(s), 0 left on base; Pittsburgh 4 - Virginia Tech 7
Thursday, March 30th, 2017 - OOTP Baseball 17.12 Build 75